 Dungeon Crawl Stone Soup version 0.28-a0-622-gbaef9634d7 (webtiles) character file.

Game seed: 12476043670257853013

15514 KristoblXynda the Carver (level 12, 0/106 HPs)
             Began as a Black Draconian Gladiator on Oct 7, 2021.
             Was an Elder of Okawaru.
             Slain by Kirke (12 damage)
             ... on level 13 of the Dungeon.
             The game lasted 00:19:08 (18005 turns).

KristoblXynda the Carver (DrGl)                    Turns: 18005, Time: 00:19:08

Health: 0/106      AC:  0    Str: 19    XL:     12   Next: 1%
Magic:  16/16      EV: 18    Int: 12    God:    Okawaru [****..]
Gold:   424        SH:  0    Dex: 12    Spells: 11/11 levels left

rFire   . . .      SeeInvis .   (weapon currently unavailable)
rCold   . . .      Faith    .   (shield currently unavailable)
rNeg    . . .      Spirit   .   (armour unavailable)
rPois   .          Reflect  .   (helmet currently unavailable)
rElec   .          Harm     .   (cloak currently unavailable)
rCorr   .          Rampage  .   (gloves currently unavailable)
Will    .....                   (boots currently unavailable)
Stlth   +.........              (no amulet)
HPRegen 0.27/turn               (ring currently unavailable)
MPRegen 0.15/turn               (ring currently unavailable)

@: mighty, pig-form, hasted, studying Hexes, very quick
A: fast, no casting, (breathe lightning), AC +8, small, unfitting armour,
(electricity resistance), (cold-blooded)
a: Renounce Religion, Heroism, Finesse


You were on level 13 of the Dungeon.
You worshipped Okawaru.
Okawaru was greatly pleased with you.
You were a filthy swine.
You visited 2 branches of the dungeon, and saw 14 of its levels.

You collected 496 gold pieces.
You spent 72 gold pieces at shops.

Inventory:

Hand Weapons
 d - a +3 scimitar of venom (melded)
 r - a +3 demon blade of draining
Missiles
 c - 4 throwing nets (quivered)
Armour
 a - the +2 pair of boots of the Prince of Darkness (melded) {Str+3 Dex+3}
   (Okawaru gifted it to you on level 11 of the Dungeon)

   Str:       It affects your strength (+3).
   Dex:       It affects your dexterity (+3).
 b - a +1 hat (melded)
 l - a +0 cloak (melded)
 w - a +0 buckler (melded)
 x - a +0 pair of gloves (melded)
Jewellery
 m - a +6 ring of dexterity (melded)
 n - a ring of positive energy (melded)
Wands
 o - a wand of paralysis (3)
Scrolls
 k - a scroll of holy word
 q - a scroll of amnesia
 u - 2 scrolls of immolation
 y - a scroll of fog
Potions
 g - 2 potions of brilliance
 h - 3 potions of attraction
 i - a potion of might
 j - 4 potions of curing
 p - a potion of flight
 s - a potion of resistance


   Skills:
 - Level 10.0 Fighting
 + Level 12.2 Long Blades
 - Level 2.0 Throwing
 + Level 9.5 Dodging
 + Level 3.9 Shields
 + Level 5.8 Invocations
 - Level 5.0 Evocations


You had 11 spell levels left.
You didn't know any spells.
Your spell library contained the following spells:

 Spells                   Type           Power      Damage    Failure   Level
 Ignite Poison            Fire/Tmut/Pois 0%         N/A       69%         3
 Mephitic Cloud           Conj/Pois/Air  0%         N/A       69%         3
 Hailstorm                Conj/Ice       0%         3d3       97%         4
 Ice Form                 Ice/Tmut       0%         N/A       97%         4
 Blade Hands              Tmut           0%         N/A       100%        5
 Freezing Cloud           Conj/Ice/Air   0%         6-21      100%        5
 Irradiate                Conj/Tmut      0%         3d13      100%        5
 Dragon Form              Tmut           0%         N/A       100%        7
 Simulacrum               Ice/Necr       Unusable   N/A       N/A         6

Dungeon Overview and Level Annotations

Branches:
Dungeon (13/15)            Temple (1/1) D:6            Lair (0/6) D:11
    Orc (0/2) D:10
 Vaults: D:13-14

Altars:
Ashenzari
Cheibriados
Dithmenos
Elyvilon
Fedhas
Gozag
Hepliaklqana
Kikubaaqudgha
Makhleb
Nemelex Xobeh
Okawaru
Ru
Sif Muna
Trog
Uskayaw
Vehumet
Wu Jian
Xom
Yredelemnul
Zin
The Shining One
Beogh

Shops:
D:3 :?

Annotations:
D:10 3 runed translucent doors, yegreS's ghost, novice MiFi
D:13 Kirke


Innate Abilities, Weirdness & Mutations

You are a filthy swine.
You move quickly.
Your equipment is almost entirely melded.
You are incapable of wielding weapons or throwing items.
You cannot cast spells.
((You can breathe wild blasts of lightning.))
((Your glossy black scales are hard. (AC +8)))
You cannot fit into any form of body armour.
((You are resistant to electric shocks. (rElec)))
((You are cold-blooded and may be slowed by cold attacks.))


Message History

You feel agile.
The lindwurm bites you but does no damage.
The lindwurm barely misses you. The lindwurm completely misses you.
You hear some strange, mumbled words.
You turn into a filthy swine.
Your +3 scimitar of venom melds into your body.
Your +0 cloak melds into your body.
Your +1 hat melds into your body.
Your +0 pair of gloves melds into your body.
The +2 pair of boots of the Prince of Darkness {Str+3 Dex+3} melds into your body.
Your +0 buckler melds into your body.
Your +6 ring of dexterity melds into your body.
Your ring of positive energy melds into your body.
Your +3 scimitar of venom stops dripping with poison.
You feel clumsy.
You barely miss the lindwurm. The lindwurm closely misses you.
The lindwurm claws you!
* * * LOW HITPOINT WARNING * * *
The lindwurm barely misses you.
You closely miss something.
You hear some strange, mumbled words.
You feel a momentary urge to oink. The lindwurm misses you.
The lindwurm claws you.
* * * LOW HITPOINT WARNING * * *
The lindwurm claws you.
* * * LOW HITPOINT WARNING * * *
It was a potion of might.
You feel very mighty all of a sudden.
You hear some strange, mumbled words.
Something tries to affect you, but you resist.
The lindwurm closely misses you. The lindwurm claws you!
* * * LOW HITPOINT WARNING * * *
The lindwurm barely misses you.
You feel much better. Something hits you!
* * * LOW HITPOINT WARNING * * *
The lindwurm bites you.
* * * LOW HITPOINT WARNING * * *
The lindwurm closely misses you. The lindwurm claws you.
* * * LOW HITPOINT WARNING * * *
You feel yourself speed up. Something hits you!
You die...

#...### #...# #...#
#...# #...## ####....#
.........#
.........##########...
...........kh{hk......
#######..<#####.......
#...# ....... #...#
..h.... #...' .......
#...#. ....... ....##
....... ...... .......


You could see 2 lindwurms and a hog.

Vanquished Creatures
  Josephine (D:13)
  4 two-headed ogres
  Sonja (D:11)
  3 cyclopes
  A manticore (D:9)
  4 ugly things (D:12)
  3 centaur zombies
  An unseen horror (D:13)
  2 komodo dragons (D:11)
  2 trolls
  A polar bear (D:13)
  5 slime creatures (D:9)
  2 wyverns
  3 wraiths (D:13)
  A hog (D:13)
  6 yaks (D:11)
  2 vampire mosquitoes (D:12)
  A basilisk (D:11)
  An acid dragon (D:11)
  3 water moccasins
  5 orc warriors
  2 black bears
  2 hornet zombies (D:8)
  4 ogres
  3 centaurs
  3 kobold brigands
  2 bullfrogs (D:8)
  4 scorpions
  A gnoll sergeant (D:6)
  4 killer bees (D:10)
  5 wights
  7 howler monkeys
  An electric eel (D:8)
  A bullfrog zombie (D:6)
  A jelly (D:4)
  2 hounds
  2 centaur skeletons
  6 orc priests
  Crazy Yiuf (D:2)
  Jessica (D:3)
  An iguana (D:4)
  15 orc wizards
  Robin (D:3)
  A howler monkey skeleton (D:5)
  4 gnolls
  2 howler monkey zombies
  3 adders
  A shadow imp (D:6)
  A worm (D:3)
  A dart slug (D:3)
  37 orcs
  11 endoplasms
  6 giant cockroaches
  10 hobgoblins
  10 jackals
  13 kobolds
  3 quokkas (D:4)
  5 ball pythons
  5 bats
  17 goblins
  8 rats
259 creatures vanquished.

Vanquished Creatures (others)
  41 plants
41 creatures vanquished.

Grand Total: 300 creatures vanquished

Notes
Turn   | Place    | Note
-------+----------+-------------------------------------------
     0 | D:1      | KristoblXynda the Draconian Gladiator began the quest for
                  | the Orb.
     0 | D:1      | Reached XP level 1. HP: 17/17 MP: 1/1
   122 | D:1      | Reached XP level 2. HP: 25/25 MP: 2/2
   681 | D:1      | Reached XP level 3. HP: 19/30 MP: 3/3
   899 | D:1      | Found a faded altar of an unknown god.
  2133 | D:2      | Found a runed translucent door.
  2134 | D:2      | Noticed Crazy Yiuf
  2326 | D:2      | Killed Crazy Yiuf
  2327 | D:2      | Reached skill level 4 in Long Blades
  2327 | D:2      | Reached XP level 4. HP: 19/38 MP: 4/4
  2688 | D:3      | Noticed Jessica
  2689 | D:3      | Found an iron altar of Okawaru.
  2694 | D:3      | Killed Jessica
  2879 | D:3      | Identified the +0 helmet of Rotation {-Tele rN+ rCorr}
  2879 | D:3      | Noticed Robin
  2894 | D:3      | Reached XP level 5. HP: 41/45 MP: 5/5
  2895 | D:3      | Killed Robin
  3023 | D:3      | Found Tipt's Magic Scroll Shop.
  3030 | D:3      | Bought a scroll of identify for 24 gold pieces
  3030 | D:3      | Bought 2 scrolls of identify for 48 gold pieces
  3252 | D:3      | Found Heorchih's Book Emporium.
  3521 | D:3      | Became a worshipper of Warmaster Okawaru
  4233 | D:3      | Reached skill level 5 in Long Blades
  4478 | D:4      | Reached XP level 6. HP: 35/52 MP: 6/6
  5212 | D:5      | Entered Level 5 of the Dungeon
  5470 | D:5      | Reached * piety under Okawaru
  5648 | D:5      | Your scales start taking on a glossy black colour.
  5648 | D:5      | Reached XP level 7. HP: 60/60 MP: 7/7
  5648 | D:5      | Gained mutation: You are resistant to electric shocks.
                  | (rElec) [Black Draconian growth]
  5680 | D:5      | Reached ** piety under Okawaru
  5681 | D:5      | Reached skill level 5 in Fighting
  5681 | D:5      | Reached skill level 6 in Long Blades
  5735 | D:5      | Reached skill level 7 in Long Blades
  5882 | D:5      | Reached skill level 5 in Dodging
  6071 | D:5      | Reached XP level 8. HP: 64/69 MP: 8/8
  6158 | D:6      | Found a bloodstained altar of Trog.
  6167 | D:6      | Reached *** piety under Okawaru
  6453 | D:6      | Reached skill level 8 in Long Blades
  6552 | D:6      | Reached **** piety under Okawaru
  6621 | D:6      | Found a staircase to the Ecumenical Temple.
  6634 | Temple   | Entered the Ecumenical Temple
  7265 | D:6      | Found a sacrificial altar of Ru.
  7702 | D:7      | Noticed a komodo dragon
  7705 | D:7      | Noticed a slime creature
  7708 | D:7      | Reached skill level 9 in Long Blades
  7708 | D:7      | Reached XP level 9. HP: 35/78 MP: 6/9
  8826 | D:8      | Identified a scroll of acquirement
  8827 | D:8      | Acquired a manual of Hexes
  9071 | D:8      | Reached skill level 1 in Evocations
  9533 | D:8      | Reached ***** piety under Okawaru
  9760 | D:8      | Reached skill level 10 in Long Blades
 11180 | D:9      | Reached XP level 10. HP: 43/88 MP: 10/10
 11907 | D:9      | Noticed a cyclops
 11907 | D:9      | Noticed a fire dragon
 11907 | D:9      | Noticed a cyclops
 11907 | D:9      | Noticed a seven-headed hydra
 11917 | D:9      | Killed a cyclops
 11917 | D:9      | Received a gift from Okawaru
 12622 | D:9      | Noticed a manticore
 12633 | D:9      | Killed a manticore
 12991 | D:10     | Entered Level 10 of the Dungeon
 13036 | D:10     | Found a runed translucent gate.
 13036 | D:10     | Found a runed translucent gate.
 13036 | D:10     | Found a runed translucent gate.
 13038 | D:10     | Noticed yegreS's ghost (novice MiFi)
 13041 | D:10     | Identified the +3 chain mail "Suduenemao" {rF+}
 13082 | D:10     | Noticed a two-headed ogre
 13090 | D:10     | Killed a two-headed ogre
 13246 | D:10     | Noticed a two-headed ogre
 13251 | D:10     | Received a gift from Okawaru
 13268 | D:10     | Killed a two-headed ogre
 13269 | D:10     | Reached skill level 11 in Long Blades
 13269 | D:10     | Reached skill level 5 in Evocations
 13617 | D:10     | Reached skill level 1 in Invocations
 13624 | D:10     | Found a staircase to the Orcish Mines.
 14376 | D:11     | Identified the +2 pair of boots of the Prince of Darkness
                  | {Str+3 Dex+3} (Okawaru gifted it to you on level 11 of the
                  | Dungeon)
 14376 | D:11     | Received a gift from Okawaru
 14377 | D:11     | Reached XP level 11. HP: 95/97 MP: 12/12
 15059 | D:11     | Found a staircase to the Lair.
 15112 | D:11     | Noticed Sonja
 15130 | D:11     | HP: 7/148 [Sonja (12)]
 15133 | D:11     | Killed Sonja
 15134 | D:11     | Reached skill level 10 in Fighting
 16162 | D:12     | Noticed a red ugly thing
 16179 | D:12     | Killed a red ugly thing
 16180 | D:12     | Reached skill level 1 in Shields
 16419 | D:12     | Noticed a red ugly thing
 16420 | D:12     | Noticed a purple ugly thing
 16438 | D:12     | Killed a red ugly thing
 16440 | D:12     | Killed a red ugly thing
 16501 | D:12     | Noticed a two-headed ogre
 16508 | D:12     | Killed a two-headed ogre
 16674 | D:12     | Reached ****** piety under Okawaru
 16674 | D:12     | Received a gift from Okawaru
 16812 | D:12     | Noticed a brown ugly thing
 16820 | D:12     | Killed a brown ugly thing
 17034 | D:12     | Reached skill level 5 in Invocations
 17192 | D:12     | Found a shimmering blue altar of Sif Muna.
 17466 | D:13     | Noticed Josephine
 17479 | D:13     | Killed Josephine
 17480 | D:13     | Reached skill level 12 in Long Blades
 17485 | D:13     | Noticed a two-headed ogre
 17509 | D:13     | Killed a two-headed ogre
 17509 | D:13     | Identified the +3 battleaxe of a volcano {speed, *Noise rF+
                  | rC+} (Okawaru gifted it to you on level 13 of the Dungeon)
 17509 | D:13     | Received a gift from Okawaru
 17978 | D:13     | Noticed Kirke
 17985 | D:13     | Reached XP level 12. HP: 106/106 MP: 16/16
 18005 | D:13     | Slain by Kirke

Illustrated notes

Levels and vault maps discovered:
D:1:      wander_arrival_desolate, layout_loops_ring,
          shapermc_ecumenical_altar_totnotflames,
          chequers_serial_rivers_micro_d, minmay_tetromino_t4
D:2:      layout_loops_cross, nrook_campfire, uniq_crazy_yiuf_cottage
D:3:      layout_basic, kennysheep_okawaru_gauntlet, serial_shops, shop,
          nicolae_square_shop, uniq_jessica, uniq_robin
D:4:      layout_cave_pools
D:5:      layout_basic
D:6:      layout_basic, kennysheep_mini, mainiacjoe_overflow_alcove_1,
          minmay_temple_entry_wispy
D:7:      layout_rooms, nicolae_qazlal_general_emergency, chequers_jeans,
          minmay_manual_mess
D:8:      layout_basic, serial_bayou_ford_a, st_stairs_7,
          palyth_stone_intersect, minmay_misc_feat_five
D:9:      layout_basic, serial_corexii_hall, chequers_hall_statues_y,
          corexii_hall_statues_x, wad_scary_box
D:10:     layout_irregular_city, erik_orc_4, biasface_ghost_orc_armoury
D:11:     layout_loops_corners, david_lair_shrubbed, enter_bailey_7, uniq_sonja
D:12:     layout_grid_maze, minmay_liquid_box, serial_bayou_pond_d,
          nicolae_sif_muna_little_library
D:13:     layout_irregular_city, trog_ov_bears_minmay, uniq_kirke,
          uniq_josephine, uniq_azrael
Temple:   eino_narrow_crystal_temple

Skill      XL: |  1  2  3  4  5  6  7  8  9 10 11 |
---------------+----------------------------------+-----
Throwing       | 2 |  2.0
Dodging        | 3 4 5 6 7 8 9 |  9.5
Fighting       | 3 4 5 6 8 9 10 | 10.0
Long Blades    | 4 5 7 9 10 11 12 | 12.2
Evocations     | 3 5 |  5.0
Invocations    | 2 5 |  5.8
Shields        | 3 |  3.9

Action                   |  1- 3 |  4- 6 |  7- 9 | 10-12 || total
-------------------------+-------+-------+-------+-------++-------
Melee: Long sword        |   118 |   175 |   310 |    39 ||   642
       Tailslap          |    11 |    22 |    59 |    64 ||   156
       Scimitar          |       |       |       |   287 ||   287
       Unarmed           |       |       |       |     8 ||     8
Throw: Throwing net      |     2 |       |       |       ||     2
Invok: Heroism           |       |       |     1 |     2 ||     3
 Abil: Breathe Lightning |       |       |     8 |     4 ||    12
Evoke: Wand              |       |       |     6 |     2 ||     8
  Use: Scroll            |     2 |     4 |    14 |    13 ||    33
       Potion            |       |     1 |     2 |     7 ||    10
 Stab: Sleeping          |       |     2 |     3 |       ||     5
       Distracted        |       |     1 |       |       ||     1
       Paralysed         |       |       |     4 |       ||     4
Armor: Skin              |    57 |    74 |    94 |   102 ||   327
Dodge: Dodged            |    97 |   147 |   248 |   330 ||   822
Block: Buckler           |       |       |       |    25 ||    25

Table legend: (Time is in decaauts)
 A = Elapsed time spent in this place.
 B = Non-inter-level travel time spent in this place.
 C = Inter-level travel time spent in this place.
 D = Time resting spent in this place.
 E = Time spent auto-exploring this place.
 F = Levels seen in this place.
 G = Mean time per level.
                   A        B        C        D        E       F      G
               +--------+--------+--------+--------+--------+-----+--------+
         Total |  18053 |  17359 |    694 |   5602 |   9362 |  14 | 1289.5 |
       Dungeon |  17745 |  17065 |    680 |   5602 |   9079 |  13 | 1365.0 |
        Temple |    307 |    293 |     14 |      0 |    283 |   1 |  307.0 |
               +--------+--------+--------+--------+--------+-----+--------+

Top non-repeatable levels by time:
     D:9: 2757 daAuts
     D:3: 1933 daAuts
    D:11: 1762 daAuts
     D:8: 1572 daAuts
     D:6: 1443 daAuts
    D:10: 1347 daAuts
     D:2: 1346 daAuts
    D:12: 1295 daAuts
     D:1: 1198 daAuts
     D:5: 922 daAuts
     D:4: 795 daAuts
     D:7: 768 daAuts
    D:13: 601 daAuts
  Temple: 307 daAuts
